 Dungeon Crawl Stone Soup version 0.31-a0-640-g39d97e502b (webtiles) character file.

Game seed: 18097521382878336531

497 qw the Shooter (level 7, -6/44 HPs)
             Began as a Gargoyle Hunter on Aug 27, 2023.
             Mangled by Menkaure (12 damage)
             ... on level 5 of the Dungeon.
             The game lasted 00:01:06 (2676 turns).

qw the Shooter (Gargoyle Hunter)                    Turns: 2676, Time: 00:01:07

Health: -6/44      AC: 14    Str: 12 (14) XL:     7   Next: 16%
Magic:  7/7        EV: 10    Int:  9 (10) God:
Gold:   239        SH:  0    Dex: 13 (15) Spells: 6/6 levels left

rFire   . . .        Y - +1 shortbow
rCold   + . .        (shield currently unavailable)
rNeg    + . .        o - +1 ring mail {rC+}
rPois   inf          c - +0 helmet
rElec   +            n - +0 cloak
rCorr   .            j - +0 pair of gloves
SInv    .            (no boots)
Will    .....        (no amulet)
Stlth   +            (no ring)
HPRegen 0.27/turn    (no ring)
MPRegen 0.10/turn

%: no passive effects
@: about to teleport
A: sickness immunity, AC +4, negative energy resistance 1, electricity
resistance, torment resistance 1, petrification resistance
a: no special abilities


You were on level 5 of the Dungeon.
You visited 1 branch of the dungeon, and saw 6 of its levels.

You collected 284 gold pieces.
You spent 45 gold pieces at shops.


Innate Abilities, Weirdness & Mutations

You are immune to sickness and miasma.
Your stone body is resilient. (AC +4)
You are immune to poison.
You resist negative energy. (rN+)
You are resistant to electric shocks. (rElec)
You are resistant to unholy torment.
You are immune to petrification.


   Skills:
 - Level 4.7 Fighting
 + Level 7.0 Ranged Weapons
 - Level 2.1 Armour
 - Level 1.5 Dodging
 - Level 1.1 Stealth


You had 6 spell levels left.
You didn't know any spells.
Your spell library was empty.

Inventory:

Hand Weapons
 Y - a +1 shortbow (weapon)
Armour
 c - a +0 helmet (worn)
 j - a +0 pair of gloves (worn)
 n - a +0 cloak (worn)
 o - a +1 ring mail of cold resistance (worn)
Scrolls
 a - 2 scrolls of teleportation
 i - a scroll of identify
Potions
 b - a potion of heal wounds {unknown}
 d - a potion of invisibility {unknown}
 e - a potion of might {unknown}
 k - a potion of attraction {unknown}
 l - a potion of lignification {unknown}
 p - a potion of curing {unknown}

Dungeon Overview and Level Annotations

Branches:
Dungeon (6/15)
 Temple: D:4-7

Altars:
Fedhas
Ru

Shops:
D:1 [

Annotations:
D:5 Menkaure


Message History

The centaur kicks you but does no damage.
You shoot an arrow.
The arrow hits the centaur but does no damage.
The centaur is almost dead.
The centaur barely misses you.
The centaur kicks you but does no damage.
Menkaure calls on the powers of darkness!
Your body is wracked with pain!
The centaur convulses!
The centaur hits you but does no damage.
The centaur kicks you but does no damage.
You shoot an arrow. The arrow closely misses the centaur.
The centaur barely misses you.
The centaur kicks you but does no damage.
Menkaure points at you and mumbles some strange words.
Pain shoots through your body!
The centaur hits you but does no damage.
The centaur kicks you but does no damage.
You shoot an arrow. The arrow hits the centaur.
You kill the centaur!
Menkaure calls on the powers of darkness!
Your body is wracked with pain!
Your Ranged Weapons skill increases to level 7!
You have reached level 7!
You shoot an arrow. The arrow barely misses Menkaure.
Menkaure calls on the powers of darkness!
Your body is wracked with pain!
You shoot an arrow. The arrow hits Menkaure.
Menkaure is moderately damaged.
Menkaure hits you!
2674 ||| READING 3 scrolls of teleportation.
As you read the scroll of teleportation, it crumbles to dust.
You feel strangely unstable. Menkaure hits you but does no damage.
You shoot an arrow. The arrow barely misses Menkaure.
Menkaure points at you and mumbles some strange words.
Pain shoots through your body!
You shoot an arrow. The arrow hits Menkaure.
Menkaure is heavily damaged.
Menkaure hits you!
You die...

... .. .
..### #.
#...##
##.# #...^
#....#...#
##.#$....#
J####.)@.#
wSlo##.M.#
.####....#
##.#..##.#
#....# .#
##..# ..
#... .#
..# .#


You could see Menkaure, an iguana, a jelly, an adder, a dart slug and an orc.

Vanquished Creatures
  A sky beast (D:6)
  An ice beast (D:4)
  A centaur (D:5)
  2 hounds (D:4)
  A gnoll (D:1)
  8 adders
  An ufetubus (D:3)
  2 worms
  5 dart slugs
  8 orcs
  4 endoplasms
  5 giant cockroaches
  4 goblins
  8 hobgoblins
  2 quokkas
  2 ball pythons
  4 bats
  2 frilled lizards
  6 kobolds
  5 rats
72 creatures vanquished.

Notes
Turn   | Place    | Note
-------+----------+-------------------------------------------
     0 | D:1      | qw the Gargoyle Hunter began the quest for the Orb.
     0 | D:1      | Reached XP level 1. HP: 12/12 MP: 1/1
     0 | D:1      | 0 ||| qw: Version: 0.3-a-74-g0d5e918
     0 | D:1      | 0 ||| qw: Game counter: 39
     0 | D:1      | 0 ||| qw: Melee chars always use a shield: true
     0 | D:1      | 0 ||| qw: God list: Okawaru
     0 | D:1      | 0 ||| qw: Allow faded altars: false
     0 | D:1      | 0 ||| qw: Do Orc after clearing Dungeon:15 true
     0 | D:1      | 0 ||| qw: Do second Lair branch before Depths: true
     0 | D:1      | 0 ||| qw: Lair rune preference: random
     0 | D:1      | 0 ||| qw: Goals: Normal
     0 | D:1      | 0 ||| PLANNING D:1-11
    34 | D:1      | Reached XP level 2. HP: 12/17 MP: 2/2
   254 | D:1      | Reached XP level 3. HP: 21/21 MP: 3/3
   270 | D:1      | Reached skill level 5 in Ranged Weapons
   404 | D:1      | Found Xasuf's Armour Shop.
   407 | D:1      | 407 ||| SHOPLISTING +0 leather armour of the Crafting Gods
                  | {rC+ Str+3 Stlth+} (251 gold, have 68).
   407 | D:1      | 407 ||| BUYING +0 pair of gloves (45 gold).
   407 | D:1      | Bought a +0 pair of gloves for 45 gold pieces
   522 | D:1      | 522 ||| UPGRADING to +0 ring mail.
   532 | D:1      | 532 ||| DROPPING +0 leather armour.
   533 | D:1      | 533 ||| UPGRADING to +0 pair of gloves.
   538 | D:1      | 538 ||| READING 2 scrolls labelled APUAGRUYSETH.
   542 | D:1      | 542 ||| READING scroll labelled DIENYU AM GUNUYNN.
   543 | D:1      | 543 ||| READING scroll labelled AKAJOUM FUSE.
   544 | D:1      | 544 ||| READING 2 scrolls labelled QOISHY RAEMPORPH.
   545 | D:1      | 545 ||| DROPPING scroll of butterflies.
   591 | D:2      | Reached skill level 1 in Armour
   713 | D:2      | Reached XP level 4. HP: 23/27 MP: 4/4
   800 | D:2      | Reached skill level 3 in Fighting
  1018 | D:2      | 1018 ||| RETREATING.
  1020 | D:2      | 1020 ||| RETREATING.
  1363 | D:2      | 1363 ||| READING scroll labelled SUYT FYMOFU.
  1364 | D:2      | 1364 ||| READING scroll labelled SAXKIE QIXOSH.
  1540 | D:3      | Reached XP level 5. HP: 32/32 MP: 5/5
  2165 | D:3      | 2165 ||| UPGRADING to +0 helmet.
  2170 | D:3      | 2170 ||| UPGRADING to +0 cloak.
  2175 | D:3      | 2175 ||| UPGRADING to +1 ring mail of cold resistance.
  2185 | D:3      | 2185 ||| DROPPING +0 ring mail.
  2186 | D:3      | 2186 ||| READING scroll labelled VIASIL PUTIFIS.
  2209 | D:3      | 2209 ||| READING 2 scrolls labelled QAGUACZ DOONUD.
  2210 | D:3      | 2210 ||| READING 2 scrolls of identify.
  2210 | D:3      | 2210 ||| IDENTIFYING metallic purple potion
  2211 | D:3      | 2211 ||| DROPPING potion of brilliance.
  2212 | D:3      | 2212 ||| DROPPING scroll of revelation.
  2248 | D:4      | Reached skill level 6 in Ranged Weapons
  2301 | D:4      | Found a sacrificial altar of Ru.
  2301 | D:4      | Found a blossoming altar of Fedhas.
  2364 | D:4      | Noticed an ice beast
  2393 | D:4      | Killed an ice beast
  2394 | D:4      | Reached XP level 6. HP: 28/39 MP: 6/6
  2631 | D:4      | You fall into a shaft and drop 2 floors!
  2633 | D:6      | 2633 ||| READING scroll labelled CERIEC XIENETH.
  2634 | D:6      | 2634 ||| READING scroll labelled VOM OSELONAU.
  2635 | D:6      | 2635 ||| DRINKING 2 fizzy brown potions.
  2636 | D:6      | 2636 ||| DROPPING potion of degeneration.
  2639 | D:6      | Noticed a sky beast
  2654 | D:6      | Killed a sky beast
  2661 | D:5      | Entered Level 5 of the Dungeon
  2662 | D:5      | Noticed Menkaure
  2672 | D:5      | Reached skill level 7 in Ranged Weapons
  2672 | D:5      | Reached XP level 7. HP: 24/44 MP: 7/7
  2673 | D:5      | HP: 10/44 [Menkaure (10)]
  2674 | D:5      | 2674 ||| READING 3 scrolls of teleportation.
  2676 | D:5      | Mangled by Menkaure

Levels and vault maps discovered:
D:1:      lemuel_arrival_broad_hall, layout_basic, serial_shops,
          nicolae_shop_window_shopping
D:2:      layout_basic, st_stairs_10
D:3:      layout_loops_ring, minmay_gold_behind_fungi
D:4:      layout_loops_ring, chequers_temple_overflow_minitemple,
          gammafunk_temple_overflow_elements
D:5:      layout_loops_cross, temple_doors_e, serial_undead, serial_undead_a,
          serial_undead_d, serial_undead_b, serial_undead_c, serial_undead_a,
          serial_undead_f, minmay_fractal_squares_gapless_5, uniq_menkaure
D:6:      layout_loops_ring, centaur_isle

Skill      XL: |  1  2  3  4  5  6 |
---------------+-------------------+-----
Ranged Weapons | 5 6 7 |  7.0
Armour         | 1 2 |  2.1
Fighting       | 3 4 |  4.7
Dodging        | |  1.5
Stealth        | |  1.1

Action                     |  1- 3 |  4- 6 |  7- 9 || total
---------------------------+-------+-------+-------++-------
   Fire: Shortbow          |    77 |   187 |     4 ||   268
    Use: Scroll            |     4 |     7 |     1 ||    12
         Potion            |       |     1 |       ||     1
 Armour: Leather armour    |     1 |       |       ||     1
         Ring mail         |     9 |    73 |     1 ||    83
  Dodge: Dodged            |    17 |    91 |       ||   108

Table legend:
 A = Non-vault XP
 B = Vault XP
 C = Vault XP percentage of total XP
 D = Non-vault monster count
 E = Vault monster count
 F = Vault count percentage of total count
                 A         B        C        D         E       F
            +---------+---------+-------+---------+---------+-------
      Total |     706 |       5 |   0.7 |      69 |       3 |   4.2
            +---------+---------+-------+---------+---------+-------
        D:1 |      44 |       0 |   0.0 |      17 |       0 |   0.0
        D:2 |      95 |       5 |   5.0 |      17 |       3 |  15.0
        D:3 |      70 |       0 |   0.0 |      25 |       0 |   0.0
        D:4 |     251 |       0 |   0.0 |       8 |       0 |   0.0
        D:5 |     113 |       0 |   0.0 |       1 |       0 |   0.0
        D:6 |     133 |       0 |   0.0 |       1 |       0 |   0.0
            +---------+---------+-------+---------+---------+-------
